 Dungeon Crawl Stone Soup version 0.18-a0-1171-ga8e22e7 (webtiles) character file.

8005 M4edhros the Covert (level 11, 0/77 HPs)
             Began as a Formicid Artificer on Jan 26, 2016.
             Was a High Priest of Fedhas.
             Slain by a wolf spider simulacrum (7 damage)
             ... in an ice cave.
             The game lasted 00:25:47 (11631 turns).

M4edhros the Covert (Formicid Artificer)           Turns: 11631, Time: 00:25:48

Health: 0/77       AC: 15    Str: 15    XL:     11   Next: 47%
Magic:  10/10      EV: 16    Int: 14    God:    Fedhas [*****.]
Gold:   1198       SH: 13    Dex: 16    Spells: 0 memorised, 10 levels left

rFire  + + .     SeeInvis +     O - +4 hunting sling "Death Rattle" {velocity, rF+ rN+++ MP-9 SInv}
rCold  + + .     Gourm    .     v - +1 chain mail {rC+}
rNeg   + + +     Faith    .     K - +2 shield {rC+}
rPois  .         Spirit   .     (helmet unavailable)
rElec  .         Dismiss  .     M - +2 cloak
rCorr  .         Reflect  .     (no gloves)
SustAt .         Harm     .     (no boots)
MR     +++..     Clarity  +     (no amulet)
Stlth  ++........               U - +4 ring of evasion
                                k - ring of protection from fire

@: agile, lethally poisoned (0 -> -1), extremely resistant to hostile
enchantments, unstealthy
A: permanent stasis, dig shafts and tunnels, four strong arms, antennae 3,
clarity, high mp 1, magic resistance 2, regeneration 1, robust 1, weak 1
a: Dig, Shaft Self, Evolution, Sunlight, Growth, Reproduction, Rain, Renounce
Religion


You were in an ice cave.
You worshipped Fedhas.
Fedhas was extremely pleased with you.
You were not hungry.

You visited 3 branches of the dungeon, and saw 14 of its levels.
You also visited: Ice Cave.

You collected 1318 gold pieces.
You spent 120 gold pieces at shops.

Inventory:

Hand Weapons
 b - a +3 quarterstaff
 F - a +5 hunting sling
 H - a +3 dagger of electrocution
 N - a +2 dagger of venom
 O - the +4 hunting sling "Death Rattle" (weapon) {velocity, rF+ rN+++ MP-9 SInv}
   (You found it on level 8 of the Dungeon)

   Any stone fired from it inflicts extra damage.
   It protects you from fire.
   It renders you almost immune to negative energy.
   It affects your magic capacity (-9).
   It lets you see invisible.
 V - a +2 dire flail of freezing
Missiles
 a - 53 sling bullets (quivered)
 j - 536 stones
 m - 18 poisoned sling bullets
 y - 27 sling bullets of frost
Armour
 v - a +1 chain mail of cold resistance (worn)
 K - a +2 shield of cold resistance (worn)
 M - a +2 cloak (worn)
Rods
 h - a +3 rod of ignition (11/11)
   (You acquired it on level 8 of the Dungeon)
Jewellery
 k - a ring of protection from fire (left hand)
 n - an uncursed ring of protection from fire
 U - a +4 ring of evasion (right hand)
Wands
 d - a wand of enslavement (7/24)
 e - a wand of random effects (4/48)
 q - a wand of draining (6/15)
 B - a wand of enslavement (6/24)
 P - a wand of frost (14/48)
 T - a wand of polymorph (14/24)
Scrolls
 g - 6 scrolls of remove curse
 l - 2 scrolls of enchant armour
 r - 2 scrolls of fog
 s - 2 scrolls of noise
 t - 2 scrolls of fear
 w - 4 scrolls of immolation
Potions
 p - a potion of cure mutation
 u - a potion of agility
 A - a potion of poison
 C - a potion of resistance
 D - 4 potions of flight {unknown}
 E - 7 potions of curing {unknown}
 I - a potion of ambrosia {unknown}
 J - 2 potions of brilliance {unknown}
 L - a potion of heal wounds
 Q - 2 potions of lignification {unknown}
Books
 R - a Grand Grimoire

   Spells                             Type                      Level
   a - Monstrous Menagerie            Summoning                    7
   b - Summon Greater Demon           Summoning                    7
   c - Malign Gateway                 Summoning/Translocation      7
   d - Summon Horrible Things         Summoning                    8
Comestibles
 c - a meat ration
 f - 7 bread rations
 x - 3 beef jerkies
 z - 6 slices of pizza
 G - 4 fruits


   Skills:
 - Level 1.1 Fighting
 - Level 1.0 Short Blades
 * Level 7.7 Slings
 + Level 7.9 Armour
 - Level 1.7 Dodging
 + Level 9.6 Stealth
 * Level 8.7 Shields
 + Level 6.5 Invocations
 + Level 8.5 Evocations


You had 10 spell levels left.
You didn't know any spells.

Dungeon Overview and Level Annotations

Branches:
Dungeon (11/15)            Temple (1/1) D:5            Lair (0/8) D:9
    Orc (2/2) D:11            Elf (0/3) Orc:2

Altars:
Ashenzari
Cheibriados
Dithmenos
Elyvilon
Fedhas
Gozag
Kikubaaqudgha
Makhleb
Nemelex Xobeh
Okawaru
Pakellas
Qazlal
Ru
Sif Muna
Trog
Vehumet
Xom
Yredelemnul
Zin
The Shining One
Beogh

Shops:
D:4 [   D:7 !


Innate Abilities, Weirdness & Mutations

You are under a permanent stasis effect.
You can dig through walls and to a lower floor.
Your four strong arms can wield two-handed weapons with a shield.
You have a pair of large antennae on your head (SInv).
You possess an exceptional clarity of mind.
You have an increased reservoir of magic (+10% MP).
You are highly resistant to hostile enchantments.
Your natural rate of healing is unusually fast.
You are robust (+10% HP).
You are weak. (Str -2)


Message History

You block the wolf spider simulacrum's attack.
You block the wolf simulacrum's attack.
Evoke which item? (* to show all) (? for menu, Esc to quit)
Zapping:
d - a wand of enslavement (8/24)
Press: ? - help, Shift-Dir - straight line, f/p - wolf spider simulacrum
Aim: a wolf spider simulacrum (chance to defeat MR: 69%)
The wolf spider simulacrum struggles to resist.
This wand has 7 charges left.
You feel sick.
You block the wolf spider simulacrum's attack. x2
You block the wolf simulacrum's attack.
You block the alligator simulacrum's attack.
The alligator simulacrum tail-slaps you.
The alligator simulacrum freezes you. You resist.
The wolf spider simulacrum hits you!
* * * LOW HITPOINT WARNING * * *
The wolf spider simulacrum freezes you. You resist.
* * * LOW HITPOINT WARNING * * *
The wolf spider simulacrum bites you!
You die...
Fedhas appreciates your contribution to the ecosystem.

#### ##..##
##....###
#..Z....##..
#.@ZZ.......
#..Z...(...#
##....##..##
##..## ##
####


You could see a wolf simulacrum, an alligator simulacrum, a death yak simulacrum
and a wolf spider simulacrum.

Vanquished Creatures
  An unseen horror (D:10)
  Pikel (D:7)
  3 trolls
  A hungry ghost (D:11)
  2 hippogriffs (D:11)
  3 orc warriors
  6 ice beasts
  A sky beast (D:7)
  A black bear (D:9)
  7 ogres
  3 centaurs
  5 giant frogs
  A water moccasin skeleton (D:4)
  A killer bee (D:8)
  A wight (D:11)
  3 crimson imps
  A centaur zombie (D:9)
  A centaur skeleton (D:9)
  2 jellies (D:5)
  7 orc priests
  4 giant frog skeletons
  7 hounds
  8 orc wizards
  2 iguanas (D:9)
  5 worker ants
  2 hound skeletons
  14 gnolls
  9 adders
  2 river rats (D:9)
  An ooze (D:2)
  An adder skeleton (D:4)
  2 worms
  6 giant geckos
  46 orcs
  A ball python (D:2)
  5 bats
  3 giant cockroaches
  A goblin (D:1)
  5 hobgoblins
  8 jackals
  8 kobolds
  4 quokkas
  10 giant newts
  24 rats
229 creatures vanquished.

Vanquished Creatures (collateral kills)
  An orc sorcerer (Orc:2)
  An ugly thing (D:11)
  A cyclops (D:10)
  A troll (Orc:2)
  2 two-headed ogres
  The ghost of Azzok the Cutter, an amateur MiFi (D:3)
  2 hungry ghosts
  2 hippogriffs
  A water moccasin (D:7)
  5 ice beasts (Orc:2)
  2 slaves (D:7)
  5 orc warriors
  3 ogres
  A giant frog (D:8)
  3 wights (D:11)
  4 killer bees (D:8)
  3 orc priests
  2 orc wizards
  An iguana (D:4)
  3 adders
  4 gnolls
  3 worms (D:3)
  18 orcs
  A jackal (D:2)
  A kobold (D:2)
  A ball python (D:3)
  3 giant newts (D:3)
  A goblin (D:3)
  A quokka skeleton (D:8)
77 creatures vanquished.

Vanquished Creatures (others)
  An ugly thing (D:5)
  A slave (D:7)
  A necrophage (D:11)
  An orc priest (D:7)
  A killer bee zombie (D:5)
  An orc (D:7)
  7 wandering mushrooms
  A fungus (D:9)
  249 toadstools
263 creatures vanquished.

Grand Total: 569 creatures vanquished

Notes
Turn   | Place    | Note
--------------------------------------------------------------
     0 | D:1      | M4edhros the Formicid Artificer began the quest for the Orb.
     0 | D:1      | Reached XP level 1. HP: 15/15 MP: 3/3
   341 | D:1      | You fall through a shaft!
   348 | D:2      | You fall through a shaft for 2 floors!
   350 | D:4      | Noticed a hound
   351 | D:4      | Noticed a worker ant
   353 | D:4      | Killed a hound
   353 | D:4      | Reached skill level 1 in Armour
   353 | D:4      | Reached XP level 2. HP: 21/21 MP: 4/4
   353 | D:4      | Reached XP level 3. HP: 26/26 MP: 5/5
   373 | D:4      | Reached skill level 4 in Evocations
   373 | D:4      | Reached XP level 4. HP: 29/32 MP: 5/7
   520 | D:5      | Entered Level 5 of the Dungeon
   763 | D:5      | Found an oddly glowing altar of Pakellas.
   763 | D:5      | Noticed a cyan ugly thing
   775 | D:5      | Killed a cyan ugly thing
  1073 | D:5      | Reached XP level 5. HP: 37/37 MP: 8/8
  1149 | D:5      | Found a staircase to the Ecumenical Temple.
  1182 | Temple   | Entered the Ecumenical Temple
  1212 | Temple   | Became a worshipper of Fedhas Madash
  1528 | D:5      | Reached XP level 6. HP: 27/43 MP: 9/9
  1602 | D:5      | Reached skill level 5 in Evocations
  1958 | D:5      | Noticed an ogre
  1964 | D:5      | Killed an ogre
  2022 | D:5      | Reached skill level 5 in Stealth
  2022 | D:5      | Reached XP level 7. HP: 21/48 MP: 11/11
  2628 | D:4      | Found Vaunwup's Antique Armour Shoppe.
  2697 | D:3      | Noticed Azzok's ghost (amateur MiFi)
  2820 | D:2      | Found an opulent altar of Gozag.
  2826 | D:2      | Found a sparkling altar of Nemelex Xobeh.
  3144 | D:2      | Reached * piety under Fedhas
  3984 | D:3      | Reached ** piety under Fedhas
  4075 | D:3      | You fall through a shaft!
  4149 | D:4      | Reached skill level 1 in Invocations
  4390 | D:3      | Killed Azzok's ghost
  4390 | D:3      | Reached skill level 6 in Evocations
  5125 | D:4      | Reached XP level 8. HP: 46/54 MP: 12/12
  5286 | D:4      | Reached skill level 5 in Armour
  5334 | D:4      | Bought a shiny shield for 90 gold pieces
  5659 | D:6      | Reached skill level 1 in Shields
  6820 | D:7      | Reached *** piety under Fedhas
  6866 | D:7      | Found an ancient bone altar of Kikubaaqudgha.
  6880 | D:7      | Reached skill level 1 in Slings
  6924 | D:7      | Found Ifunt's Distillery.
  6932 | D:7      | Bought a potion of mutation for 30 gold pieces
  6932 | D:7      | Gained mutation: You are robust (+10% HP). [potion of mutation]
  6932 | D:7      | Gained mutation: You are weak. (Str -2) [potion of mutation]
  6932 | D:7      | Gained mutation: You are partially covered in molten scales (AC +1). [potion of mutation]
  6933 | D:7      | Lost mutation: You are partially covered in molten scales (AC +1). [potion of mutation]
  6933 | D:7      | Gained mutation: You expend magic power (3 MP) to strengthen your wands. [potion of mutation]
  6933 | D:7      | Gained mutation: You are resistant to hostile enchantments. [potion of mutation]
  6934 | D:7      | Gained mutation: Potions and wands are less effective at restoring your health. [potion of mutation]
  6934 | D:7      | Lost mutation: You are robust (+10% HP). [potion of mutation]
  6934 | D:7      | Gained mutation: Your spells are a little easier to cast, but a little less powerful. [potion of mutation]
  7043 | D:7      | Reached XP level 9. HP: 52/59 MP: 13/13
  7131 | D:7      | Noticed Pikel
  7133 | D:7      | Reached skill level 7 in Stealth
  7150 | D:7      | Killed Pikel
  7673 | D:8      | Reached skill level 5 in Shields
  7769 | D:8      | Got a scorched hunting sling
  7770 | D:8      | Identified the +4 hunting sling "Death Rattle" {velocity, rF+ rN+++ MP-9 SInv} (You found it on level 8 of the Dungeon)
  7771 | D:8      | Identified a scroll of acquirement
  7779 | D:8      | Identified a +1 rod of ignition (10/10) (You acquired it on level 8 of the Dungeon)
  8325 | D:9      | Lost mutation: You are weak. (Str -2) [potion of cure mutation]
  8325 | D:9      | Lost mutation: Your spells are a little easier to cast, but a little less powerful. [potion of cure mutation]
  8325 | D:9      | Lost mutation: You expend magic power (3 MP) to strengthen your wands. [potion of cure mutation]
  8325 | D:9      | Lost mutation: Potions and wands are less effective at restoring your health. [potion of cure mutation]
  8325 | D:9      | Lost mutation: You are resistant to hostile enchantments. [potion of cure mutation]
  8337 | D:9      | Found a radiant altar of Vehumet.
  8420 | D:9      | Reached **** piety under Fedhas
  8438 | D:9      | Reached XP level 10. HP: 9/65 MP: 12/15
  8464 | D:9      | Found a roughly hewn altar of Beogh.
  8777 | D:9      | Reached skill level 8 in Stealth
  8788 | D:9      | Found a shattered altar of Ashenzari.
  8791 | D:9      | Found an iron altar of Okawaru.
  8791 | D:9      | Found a shadowy altar of Dithmenos.
  8791 | D:9      | Found a shimmering altar of Xom.
  8800 | D:9      | Reached skill level 5 in Slings
  8800 | D:9      | Reached skill level 5 in Invocations
  8866 | D:9      | Gained mutation: You possess an exceptional clarity of mind. [potion of mutation]
  8866 | D:9      | Gained mutation: You have an increased reservoir of magic (+10% MP). [potion of mutation]
  8866 | D:9      | Gained mutation: You are robust (+10% HP). [potion of mutation]
  8897 | D:9      | Found a burning altar of Makhleb.
  8898 | D:9      | Noticed a balrug
  8902 | D:9      | Found a glowing silver altar of Zin.
  8902 | D:9      | Noticed an angel
  8944 | D:9      | Found a staircase to the Lair.
  9220 | D:10     | Entered Level 10 of the Dungeon
  9220 | D:10     | Noticed a cyclops
  9224 | D:10     | Killed a cyclops
  9858 | D:10     | Noticed an unseen horror
  9872 | D:10     | Killed an unseen horror
  9892 | D:10     | Reached ***** piety under Fedhas
 10184 | D:11     | Found a staircase to the Orcish Mines.
 10184 | D:11     | Noticed a purple ugly thing
 10195 | D:11     | Killed a purple ugly thing
 10203 | D:11     | Gained mutation: You are resistant to hostile enchantments. [mutagenic meat]
 10204 | D:11     | Gained mutation: Your natural rate of healing is unusually fast. [mutagenic meat]
 10205 | D:11     | Gained mutation: You evolve. [mutagenic meat]
 10206 | D:11     | Gained mutation: You are weak. (Str -2) [mutagenic meat]
 10228 | D:11     | Gained mutation: You are highly resistant to hostile enchantments. [evolution]
 10228 | D:11     | Lost mutation: You evolve. [end of evolution]
 10348 | D:11     | Reached XP level 11. HP: 77/77 MP: 9/18
 10734 | D:11     | Reached skill level 9 in Stealth
 10848 | Orc:1    | Entered Level 1 of the Orcish Mines
 11174 | Orc:2    | Entered Level 2 of the Orcish Mines
 11222 | Orc:2    | Found a roughly hewn altar of Beogh.
 11429 | Orc:2    | Noticed an orc sorcerer
 11445 | Orc:2    | Killed an orc sorcerer
 11450 | Orc:2    | Found a staircase to the Elven Halls.
 11550 | Orc:2    | Found a frozen archway.
 11623 | IceCv    | Entered an ice cave
 11631 | IceCv    | Slain by a wolf spider simulacrum

Vault maps used:
D:1:      dpeg_arrival_simpleton_c
D:2:      grunt_temple_overflow_opulence
D:3:      nrook_loot_triangle, minmay_lizard_king
D:4:      serial_shops, shop, first_bread
D:5:      minmay_temple_entry_nine_rooms, gammafunk_pakellas_cloud_experiment
D:7:      serial_shops, shop, basic_altar, uniq_pikel
D:9:      grunt_temple_overflow_order_and_chaos_2, grunt_temple_overflow_open,
          grunt_lair_entry_orc_guard_hut, serial_curves, eino_curves_02,
          eino_curves_03, basic_altar, special_room
D:11:     orc_0_dummy
Temple:   circular_temple_12
Orc:1:    bloody_trog
Orc:2:    st_orc_congregation, basic_altar, portal_ice_cave_entry_ice_beasts
IceCv:    ice_cave_small_necro

Action                   |  1- 3 |  4- 6 |  7- 9 | 10-12 || total
-------------------------+-------+-------+-------+-------++-------
Melee: Short sword       |    18 |    30 |   196 |       ||   244
       Spear             |       |   110 |     8 |       ||   118
       Flail             |       |       |   139 |       ||   139
       Dagger            |       |       |   173 |    20 ||   193
       Quarterstaff      |       |       |       |    36 ||    36
       Dire flail        |       |       |       |    58 ||    58
 Fire: Hunting sling     |       |       |   183 |   404 ||   587
Invok: Evolution         |       |       |     7 |     3 ||    10
 Abil: Shaft Self        |     2 |       |       |       ||     2
Evoke: Wand              |     9 |    19 |     2 |     5 ||    35
  Use: Potion            |       |     1 |     4 |     3 ||     8
       Scroll            |       |       |    20 |     7 ||    27
  Eat: Bread ration      |       |     1 |       |       ||     1
       Chunk             |       |       |     3 |     4 ||     7
       Meat ration       |       |       |     4 |     2 ||     6
